PAA
RICHLAND RAILS @ SALEM MISFITS
08/30/2029
 
TOP OF THE 1ST
Richland Rails batting - Pitching for Salem Misfits : RHP Fernando Villarreal
Pitching: RHP Fernando Villarreal
Batting: RHB Christian Gentry 0-0: Ball
1-0: SINGLE (Line Drive, 34D)
Batting: LHB Alistair Mix 0-0: Called Strike
0-1: Called Strike
0-2: Ball
1-2: Fly out, F1 (Line Drive, 15)
Batting: RHB Alexandre Keeping 0-0: Ball
1-0: Ball
2-0: Ball
3-0: Base on Balls
Christian Gentry to second
Batting: RHB Scott Ramsey 0-0: Ball
1-0: Foul Ball, location: 2F
1-1: Fly out, F3 (Popup, 23F)
Batting: SHB Jorge Colón 0-0: Called Strike
0-1: Foul Ball, location: 2F
0-2: Ground out U3 (Groundball, 34)
Top of the 1st over - 0 runs, 1 hit, 0 errors, 2 left on base; Richland 0 - Salem 0
BOTTOM OF THE 1ST
Salem Misfits batting - Pitching for Richland Rails : RHP Russ Melton
Pitching: RHP Russ Melton
Batting: LHB José Cuervo 0-0: Called Strike
0-1: Ball
1-1: Foul Ball, location: 2F
1-2: Ball
2-2: Strikes out swinging
Batting: RHB Robinson Barquero 0-0: Ball
1-0: Foul Ball, location: 2F
1-1: Called Strike
1-2: Strikes out swinging
Batting: LHB Austin Hathaway 0-0: Ball
1-0: Fly out, F8 (Flyball, 8LD)
Bottom of the 1st over - 0 runs, 0 hits, 0 errors, 0 left on base; Richland 0 - Salem 0
TOP OF THE 2ND
Richland Rails batting - Pitching for Salem Misfits : RHP Fernando Villarreal
Batting: LHB Orlando Casillas 0-0: Called Strike
0-1: Bunt missed!
0-2: SINGLE (Groundball, 56D)
Batting: RHB Leon Carlisle 0-0: Ball
1-0: Foul Ball, location: 2F
1-1: Ball
2-1: Ball
3-1: Foul Ball, location: 2F
3-2: 2-RUN HOME RUN (Flyball, 7LD), Distance : 362 ft
Batting: RHB Michael Bradshaw 0-0: Ball
1-0: Called Strike
1-1: Swinging Strike
1-2: Ball
2-2: Ground out 5-3 (Groundball, 25)
Batting: RHB Fernando Granados 0-0: Called Strike
0-1: Ball
1-1: Swinging Strike
1-2: Strikes out swinging
Batting: RHB Christian Gentry 0-0: Ball
1-0: Ball
2-0: Ball
3-0: Called Strike
3-1: Called Strike
3-2: Foul Ball, location: 2F
3-2: Foul Ball, location: 2F
3-2: Foul Ball, location: 2F
3-2: Foul Ball, location: 2F
3-2: SINGLE (Line Drive, 7S)
Batting: LHB Alistair Mix 0-0: Foul Ball, location: 2F
0-1: Ball
1-1: Ball
2-1: Swinging Strike
2-2: Ball
3-2: Base on Balls
Christian Gentry to second
Batting: RHB Alexandre Keeping 0-0: Ball
1-0: Ball
2-0: Ball
3-0: Called Strike
3-1: Base on Balls
Christian Gentry to third
Alistair Mix to second
Batting: RHB Scott Ramsey 0-0: Ball
1-0: Ball
2-0: Called Strike
2-1: Fly out, F8 (Flyball, 8LS)
Top of the 2nd over - 2 runs, 3 hits, 0 errors, 3 left on base; Richland 2 - Salem 0
BOTTOM OF THE 2ND
Salem Misfits batting - Pitching for Richland Rails : RHP Russ Melton
Batting: LHB Cris Gonzáles 0-0: Ball
1-0: Called Strike
1-1: Foul Ball, location: 2F
1-2: Strikes out swinging
Batting: RHB Vicente Andros 0-0: Ground out 6-3 (Groundball, 6)
Batting: LHB Rodrigo Gómez 0-0: SOLO HOME RUN (Flyball, 9LD), Distance : 339 ft
Batting: LHB Tyler Knopp 0-0: Ball
1-0: Swinging Strike
1-1: Foul Ball, location: 2F
1-2: Foul Ball, location: 2F
1-2: Foul Ball, location: 2F
1-2: Ball
2-2: SINGLE (Flyball, 78S)
Batting: RHB Paul O'Neill 0-0: Ball
1-0: Reached on error, E3 (Groundball, 3L)
Tyler Knopp to second
Batting: RHB Ryan Fiore 0-0: Ball
1-0: Ball
2-0: Called Strike
2-1: Ball
Wild Pitch!
Tyler Knopp to third
Paul O'Neill to second
3-1: Swinging Strike
3-2: Strikes out looking
Bottom of the 2nd over - 1 run, 2 hits, 1 error, 2 left on base; Richland 2 - Salem 1
TOP OF THE 3RD
Richland Rails batting - Pitching for Salem Misfits : RHP Fernando Villarreal
Batting: SHB Jorge Colón 0-0: Called Strike
0-1: Foul Ball, location: 2F
0-2: Ball
1-2: Strikes out swinging
Batting: LHB Orlando Casillas 0-0: Called Strike
0-1: Fly out, F6 (Line Drive, 6)
Batting: RHB Leon Carlisle 0-0: Called Strike
0-1: Ball
1-1: Ball
2-1: Foul Ball, location: 2F
2-2: Ground out 4-3 (Groundball, 4)
Top of the 3rd over - 0 runs, 0 hits, 0 errors, 0 left on base; Richland 2 - Salem 1
BOTTOM OF THE 3RD
Salem Misfits batting - Pitching for Richland Rails : RHP Russ Melton
Batting: LHB José Cuervo 0-0: Ball
1-0: Swinging Strike
1-1: Ball
2-1: Ball
3-1: Base on Balls
Batting: RHB Robinson Barquero 0-0: Called Strike
0-1: Called Strike
0-2: Ball
1-2: Ball
2-2: Foul Ball, location: 2F
2-2: Ball
3-2: Reached on error, E3 (Groundball, 34S)
José Cuervo to second
Batting: LHB Austin Hathaway 0-0: Ball
1-0: DOUBLE (Groundball, 5L)
José Cuervo scores
Robinson Barquero to third
Batting: LHB Cris Gonzáles 0-0: Swinging Strike
0-1: Ball
1-1: Swinging Strike
1-2: Strikes out swinging
Batting: RHB Vicente Andros 0-0: Foul Ball, location: 2F
0-1: SINGLE (Groundball, 4MD)
Robinson Barquero scores
Austin Hathaway to third
Runner from 3rd tries for Home, SAFE, no throw
Batting: LHB Rodrigo Gómez 0-0: Called Strike
0-1: Ball
1-1: Fielders Choice at 2nd, 1-6 (Groundball, P)
Batting: LHB Tyler Knopp 0-0: Swinging Strike
0-1: Foul Ball, location: 2F
0-2: Ground out 4-3 (Groundball, 4D)
Bottom of the 3rd over - 3 runs, 2 hits, 1 error, 1 left on base; Richland 2 - Salem 4
TOP OF THE 4TH
Richland Rails batting - Pitching for Salem Misfits : RHP Fernando Villarreal
Batting: RHB Michael Bradshaw 0-0: Ball
1-0: Foul Ball, location: 2F
1-1: Foul Ball, location: 2F
1-2: Ball
2-2: SINGLE (Line Drive, 34)
Batting: RHB Fernando Granados 0-0: Called Strike
0-1: Ball
1-1: Called Strike
1-2: Ball
2-2: Foul Ball, location: 2F
2-2: Fly out, F6 (Popup, 6MS)
Batting: RHB Christian Gentry 0-0: Called Strike
0-1: Fly out, F7 (Line Drive, 7)
Batting: LHB Alistair Mix 0-0: Ball
1-0: Swinging Strike
1-1: Ball
2-1: Ground out 4-3 (Groundball, 34)
Top of the 4th over - 0 runs, 1 hit, 0 errors, 1 left on base; Richland 2 - Salem 4
BOTTOM OF THE 4TH
Salem Misfits batting - Pitching for Richland Rails : RHP Russ Melton
Batting: RHB Paul O'Neill 0-0: Bunt - Flyout! F1
Batting: RHB Ryan Fiore 0-0: Fly out, F9 (Flyball, 9LDF)
Batting: LHB José Cuervo 0-0: Called Strike
0-1: Ball
1-1: Ball
2-1: Swinging Strike
2-2: Ball
3-2: Foul Ball, location: 2F
3-2: Foul Ball, location: 2F
3-2: Base on Balls
Batting: RHB Robinson Barquero 0-0: Called Strike
0-1: SINGLE (Line Drive, 7LM)
José Cuervo to second
Batting: LHB Austin Hathaway 0-0: Swinging Strike
0-1: Ball
1-1: Foul Ball, location: 2F
1-2: Strikes out looking
Bottom of the 4th over - 0 runs, 1 hit, 0 errors, 2 left on base; Richland 2 - Salem 4
TOP OF THE 5TH
Richland Rails batting - Pitching for Salem Misfits : RHP Fernando Villarreal
Batting: RHB Alexandre Keeping 0-0: SINGLE (Groundball, 34D)
Batting: RHB Scott Ramsey 0-0: Ball
1-0: Called Strike
1-1: Ball
2-1: Foul Ball, location: 2F
2-2: Reached on error, E5 (Groundball, 5)
Alexandre Keeping to second
Batting: SHB Jorge Colón 0-0: Foul Ball, location: 2F
0-1: Ball
1-1: Ball
2-1: SINGLE (Flyball, 8LS)
Alexandre Keeping to third
Scott Ramsey to second
Batting: LHB Orlando Casillas 0-0: Ball
1-0: Ball
2-0: Called Strike
2-1: Foul Ball, location: 2F
2-2: TRIPLE (Flyball, 89XD)
Alexandre Keeping scores
Scott Ramsey scores
Jorge Colón scores
Batting: RHB Leon Carlisle 0-0: Ball
1-0: Called Strike
1-1: SINGLE (Line Drive, 4M)
Orlando Casillas scores
Pitching: RHP José Morales
Batting: RHB Michael Bradshaw 0-0: Ground out 4-3 (Groundball, 4S)
Leon Carlisle to second
Batting: RHB Fernando Granados 0-0: Swinging Strike
0-1: Swinging Strike
0-2: Strikes out looking
Batting: RHB Christian Gentry 0-0: SINGLE (Flyball, 8LS)
Leon Carlisle to third
Runner from 3rd tries for Home, SAFE, throw made home
Batting: LHB Alistair Mix 0-0: Ball
Christian Gentry steals 2nd base
1-0: Fly out, F9 (Flyball, 89M)
Top of the 5th over - 5 runs, 5 hits, 1 error, 1 left on base; Richland 7 - Salem 4
BOTTOM OF THE 5TH
Salem Misfits batting - Pitching for Richland Rails : RHP Russ Melton
Batting: LHB Cris Gonzáles 0-0: Called Strike
0-1: Foul Ball, location: 2F
0-2: Hit by Pitch
Batting: RHB Vicente Andros 0-0: Ball
1-0: Called Strike
1-1: SINGLE (Line Drive, 4MD)
Cris Gonzáles to second
Batting: LHB Rodrigo Gómez 0-0: Ball
1-0: Ball
2-0: Foul Ball, location: 2F
2-1: Ball
3-1: SINGLE (Flyball, 9LS)
Cris Gonzáles to third
Vicente Andros to second
Runner from 3rd tries for Home, SAFE, no throw
Batting: LHB Tyler Knopp 0-0: Bunted foul
0-1: Bunted foul
0-2: Ball
1-2: Foul Ball, location: 2F
1-2: Foul Ball, location: 2F
1-2: Ball
2-2: Foul Ball, location: 2F
2-2: Ball
3-2: SINGLE (Line Drive, 6MD)
Vicente Andros to third
Rodrigo Gómez to second
Pitching: LHP Bart Gresham
Batting: RHB Paul O'Neill 0-0: Ball
1-0: Ball
2-0: Called Strike
2-1: Swinging Strike
2-2: Ball
3-2: Foul Ball, location: 2F
3-2: Foul Ball, location: 2F
3-2: Foul Ball, location: 2F
3-2: Foul Ball, location: 2F
3-2: SINGLE (Groundball, 6MD)
Vicente Andros scores
Rodrigo Gómez to third
Tyler Knopp to second
Batting: RHB Ryan Fiore 0-0: Swinging Strike
0-1: SINGLE (Line Drive, 5D)
Rodrigo Gómez scores
Tyler Knopp to third
Paul O'Neill to second
Batting: LHB José Cuervo 0-0: Called Strike
0-1: Foul Ball, location: 2F
0-2: Strikes out swinging
Batting: RHB Robinson Barquero 0-0: Called Strike
0-1: Ball
1-1: SINGLE (Line Drive, 34D)
Tyler Knopp scores
Paul O'Neill to third
Ryan Fiore to second
Runner from 3rd tries for Home, SAFE, no throw
Batting: LHB Austin Hathaway 0-0: Fly out, F8 (Line Drive, 89M)
Batting: LHB Cris Gonzáles 0-0: Ball
1-0: Ball
2-0: Foul Ball, location: 2F
2-1: Called Strike
2-2: Ball
3-2: Base on Balls
Ryan Fiore to third
Robinson Barquero to second
Batting: RHB Vicente Andros 0-0: Fly out, F3 (Popup, 34S)
Bottom of the 5th over - 5 runs, 6 hits, 0 errors, 3 left on base; Richland 7 - Salem 9
TOP OF THE 6TH
Richland Rails batting - Pitching for Salem Misfits : RHP José Morales
Batting: RHB Alexandre Keeping 0-0: Ball
1-0: Called Strike
1-1: Called Strike
1-2: Ball
2-2: Strikes out swinging
Batting: RHB Scott Ramsey 0-0: Ground out 5-3 (Groundball, 56S)
Batting: SHB Jorge Colón 0-0: Ball
1-0: Called Strike
1-1: Fly out, F7 (Flyball, 7LS)
Top of the 6th over - 0 runs, 0 hits, 0 errors, 0 left on base; Richland 7 - Salem 9
BOTTOM OF THE 6TH
Salem Misfits batting - Pitching for Richland Rails : LHP Bart Gresham
Batting: LHB Rodrigo Gómez 0-0: Ball
1-0: Foul Ball, location: 2F
1-1: Fly out, F9 (Flyball, 9D)
Batting: LHB Tyler Knopp 0-0: Foul Ball, location: 2F
0-1: Fly out, F9 (Flyball, 9LSF)
Batting: RHB Paul O'Neill 0-0: Ball
1-0: Ball
2-0: Ball
3-0: Base on Balls
Batting: RHB Ryan Fiore 0-0: Called Strike
0-1: Called Strike
0-2: Ball
1-2: Ball
2-2: Foul Ball, location: 2F
2-2: Fly out, F9 (Flyball, 9S)
Bottom of the 6th over - 0 runs, 0 hits, 0 errors, 1 left on base; Richland 7 - Salem 9
TOP OF THE 7TH
Richland Rails batting - Pitching for Salem Misfits : RHP José Morales
Batting: LHB Orlando Casillas 0-0: Ground out 1-3 (Groundball, P)
Batting: RHB Leon Carlisle 0-0: Called Strike
0-1: SINGLE (Line Drive, 78S)
Batting: RHB Michael Bradshaw 0-0: SINGLE (Line Drive, 78S)
Leon Carlisle to second
Pinch Hitting: LHB Armando Peńa 0-0: Ball
1-0: Grounds into double play, 6-4-3 (Groundball, 6M)
Top of the 7th over - 0 runs, 2 hits, 0 errors, 1 left on base; Richland 7 - Salem 9
BOTTOM OF THE 7TH
Salem Misfits batting - Pitching for Richland Rails : LHP Bart Gresham
Now in CF: Wilford Funkhouser
Batting: LHB José Cuervo 0-0: Called Strike
0-1: Foul Ball, location: 2F
0-2: Ball
1-2: Ball
2-2: Foul Ball, location: 2F
2-2: Ball
3-2: SINGLE (Flyball, 9LS)
Batting: RHB Robinson Barquero 0-0: Called Strike
0-1: Swinging Strike
0-2: Strikes out looking
Batting: LHB Austin Hathaway 0-0: Ball
1-0: Hit by Pitch
José Cuervo to second
Batting: LHB Cris Gonzáles 0-0: Ball
1-0: Foul Ball, location: 2F
1-1: Ball
2-1: Foul Ball, location: 2F
2-2: Ball
3-2: Foul Ball, location: 2F
3-2: Fly out, F9 (Flyball, 9LSF)
Batting: RHB Vicente Andros 0-0: Ball
1-0: Foul Ball, location: 2F
1-1: Called Strike
1-2: Foul Ball, location: 2F
1-2: Hit by Pitch
José Cuervo to third
Austin Hathaway to second
Batting: LHB Rodrigo Gómez 0-0: Ball
1-0: Swinging Strike
1-1: Swinging Strike
1-2: Fly out, F8 (Flyball, 8RM)
Bottom of the 7th over - 0 runs, 1 hit, 0 errors, 3 left on base; Richland 7 - Salem 9
TOP OF THE 8TH
Richland Rails batting - Pitching for Salem Misfits : RHP José Morales
Batting: RHB Christian Gentry 0-0: Ball
1-0: Fly out, F8 (Flyball, 8RD)
Batting: LHB Alistair Mix 0-0: Called Strike
0-1: Ball
1-1: Ball
2-1: Ground out 5-3 (Groundball, 56)
Batting: RHB Alexandre Keeping 0-0: Ground out 2-3 (Groundball, 2R)
Top of the 8th over - 0 runs, 0 hits, 0 errors, 0 left on base; Richland 7 - Salem 9
BOTTOM OF THE 8TH
Salem Misfits batting - Pitching for Richland Rails : LHP Bart Gresham
Batting: LHB Tyler Knopp 0-0: Ground out 6-3 (Groundball, 6)
Batting: RHB Paul O'Neill 0-0: Swinging Strike
0-1: Ball
1-1: Fly out, F9 (Flyball, 89S)
Batting: RHB Ryan Fiore 0-0: Ground out 5-3 (Groundball, 5S)
Bottom of the 8th over - 0 runs, 0 hits, 0 errors, 0 left on base; Richland 7 - Salem 9
TOP OF THE 9TH
Richland Rails batting - Pitching for Salem Misfits : RHP José Morales
Pitching: RHP Tim Nesheim
Batting: RHB Scott Ramsey 0-0: Foul Ball, location: 2F
0-1: Foul Ball, location: 2F
0-2: Ball
1-2: Strikes out looking
Batting: SHB Jorge Colón 0-0: Ball
1-0: Foul Ball, location: 2F
1-1: Ball
2-1: Foul Ball, location: 2F
2-2: Foul Ball, location: 2F
2-2: Ball
3-2: Foul Ball, location: 2F
3-2: Foul Ball, location: 2F
3-2: Foul Ball, location: 2F
3-2: Foul Ball, location: 2F
3-2: Base on Balls
Batting: LHB Orlando Casillas 0-0: Ball
1-0: Called Strike
1-1: SINGLE (Flyball, 8LS)
Jorge Colón to second
Batting: RHB Leon Carlisle 0-0: Fly out, F8 (Flyball, 8RD)
Runner from 2nd tags up, SAFE at 3rd with throw
Batting: RHB Michael Bradshaw 0-0: Ball
1-0: Ball
2-0: Called Strike
2-1: Called Strike
2-2: Fielders Choice at 2nd, U6 (Groundball, 6M)
Top of the 9th over - 0 runs, 1 hit, 0 errors, 2 left on base; Richland 7 - Salem 9
Tuesday, December 19th, 2017 - OOTP Baseball 18.8 Build 76